 Dungeon Crawl Stone Soup version 0.28.0 (webtiles) character file.

Game seed: 1246738531695132580

385 crazypyro the Cleaver (level 6, -3/51 HPs)
             Began as a Minotaur Fighter on Feb 9, 2022.
             Was an Initiate of Gozag.
             Slain by an ogre (12 damage)
             ... on level 5 of the Dungeon.
             The game lasted 00:02:24 (3533 turns).

crazypyro the Cleaver (Minotaur Fighter)            Turns: 3533, Time: 00:02:25

Health: -3/51      AC: 10    Str: 23    XL:     6   Next: 48%
Magic:  5/5        EV:  7    Int:  5    God:    Gozag
Gold:   307        SH:  4    Dex:  9    Spells: 5/5 levels left

rFire   . . .      SeeInvis .   m - +1 hand axe (freeze)
rCold   . . .      Faith    .   c - +0 buckler
rNeg    . . .      Spirit   .   g - +0 chain mail
rPois   .          Reflect  .   (helmet restricted)
rElec   .          Harm     .   i - +0 cloak
rCorr   .          Rampage  .   (no gloves)
Will    .....                   (no boots)
Stlth   ..........              (no amulet)
HPRegen 0.17/turn               k - ring of flight
MPRegen 0.09/turn               (no ring)

@: gold aura, flying
A: horns 2, retaliatory headbutt
a: Renounce Religion, Potion Petition, Call Merchant, Bribe Branch


You were on level 5 of the Dungeon.
You worshipped Gozag.
Gozag was aware of your devotion.
You visited 1 branch of the dungeon, and saw 5 of its levels.

You collected 359 gold pieces.
You paid 52 gold pieces to Gozag.

Inventory:

Hand Weapons
 a - a +0 war axe
 m - a +1 hand axe of freezing (weapon)
Armour
 b - a +0 scale mail
 c - a +0 buckler (worn)
 g - a +0 chain mail (worn)
 i - a +0 cloak (worn)
Jewellery
 j - a ring of fire
 k - a ring of flight (left hand)
Wands
 q - a wand of paralysis (17)
Scrolls
 o - a scroll of teleportation
Potions
 d - a potion of might
 e - 2 potions of heal wounds {unknown}
 f - 2 potions of curing {unknown}
 h - a potion of magic {unknown}
 r - a potion of resistance {unknown}
 s - a potion of degeneration {unknown}


   Skills:
 - Level 3.6 Fighting
 * Level 8.4 Axes
 - Level 3.6 Armour
 - Level 3.6 Shields


You had 5 spell levels left.
You didn't know any spells.
Your spell library contained the following spells:

 Spells                   Type           Power      Damage    Failure   Level
 Ensorcelled Hibernation  Hex/Ice        0%         N/A       100%        2
 Spider Form              Tmut/Pois      0%         N/A       100%        3
 Anguish                  Hex/Necr       0%         N/A       100%        4


Dungeon Overview and Level Annotations

Branches:
Dungeon (5/15)
 Temple: D:4-7

Altars:
Fedhas
Gozag
Hepliaklqana
Kikubaaqudgha
Qazlal
The Shining One

Shops:
D:1 !


Innate Abilities, Weirdness & Mutations

You have a pair of horns on your head.
You reflexively headbutt those who attack you in melee.


Message History

The worm barely misses you.
You closely miss the ice beast.
The ice beast is heavily wounded.
You hit the worm. You freeze the worm. You block the ice beast's attack.
You hit the ice beast. You headbutt the ice beast!
The ice beast is almost dead.
You hit the worm. You freeze the worm.
The ice beast hits you but does no damage.
The worm bites you!
* * * LOW HITPOINT WARNING * * *
You hit the ice beast.
You kill the ice beast!
You hit the worm. You freeze the worm.
You kill the worm!
Your Axes skill increases to level 8!
You slash the orc! You freeze the orc.
You kill the orc!
You miss the ufetubus. You block the ufetubus's attack.
The ufetubus barely misses you.
You miss the ufetubus. You hit the hound skeleton. The ufetubus hits you.
* * * LOW HITPOINT WARNING * * *
You block the ufetubus's attack.
The hound skeleton bites you but does no damage.
You barely miss the ufetubus.
You headbutt the ufetubus, but do no damage.
You slash the hound skeleton! The ufetubus barely misses you.
You furiously retaliate!
You headbutt the ufetubus!
You kill the ufetubus!
The hound skeleton bites you but does no damage. x2
You hit the ogre. You freeze the ogre. You headbutt the ogre.
The ogre is severely wounded.
You hit the hound skeleton but do no damage.
The ogre completely misses you. The hound skeleton barely misses you.
You furiously retaliate!
You headbutt the hound skeleton!
You destroy the hound skeleton!
You hit the ogre. You freeze the ogre. You headbutt the ogre.
The ogre is almost dead.
The ogre hits you with a +0 giant spiked club!
You die...
Your body crumbles into a pile of gold.

#.. # ##...
..#....
..(#..
#..##### ##
#......#
...+##....#.#
#...#...#.#
#...$@#.#<#
+...#O#.###
#.....#..
#...#.....
...5##......#
##. ......#
#. #....### .
.#.#.# $..#.#


You could see an ogre.

Vanquished Creatures
  An ice beast (D:5)
  An ogre (D:4)
  A bullfrog skeleton (D:4)
  A hound (D:3)
  A hound skeleton (D:5)
  Robin (D:3)
  4 adders
  An ufetubus (D:5)
  2 worms
  2 dart slugs
  4 orcs
  7 endoplasms
  15 giant cockroaches
  8 goblins
  6 hobgoblins
  2 jackals (D:2)
  A kobold (D:2)
  2 quokkas
  4 ball pythons
  A bat (D:2)
  9 rats
74 creatures vanquished.

Vanquished Creatures (others)
  4 toadstools (D:1)
4 creatures vanquished.

Grand Total: 78 creatures vanquished

Notes
Turn   | Place    | Note
-------+----------+-------------------------------------------
     0 | D:1      | crazypyro the Minotaur Fighter began the quest for the Orb.
     0 | D:1      | Reached XP level 1. HP: 19/19 MP: 0/0
    38 | D:1      | Found Owyodaps's Distillery.
   251 | D:1      | Found a faded altar of an unknown god.
   715 | D:1      | Reached skill level 3 in Axes
   747 | D:1      | Reached XP level 2. HP: 25/26 MP: 1/1
  1161 | D:2      | Reached skill level 4 in Axes
  1170 | D:2      | Reached XP level 3. HP: 31/31 MP: 2/2
  1570 | D:2      | Reached skill level 5 in Axes
  1916 | D:3      | Noticed Robin
  1923 | D:3      | Killed Robin
  1924 | D:3      | Reached XP level 4. HP: 39/39 MP: 3/3
  1934 | D:3      | Found an opulent altar of Gozag.
  1974 | D:3      | Became a worshipper of Gozag Ym Sagoz the Greedy
  2186 | D:3      | Found a stormy altar of Qazlal.
  2227 | D:3      | Reached skill level 6 in Axes
  2371 | D:3      | Found a hazy altar of Hepliaklqana.
  2731 | D:3      | Reached XP level 5. HP: 45/45 MP: 4/4
  2946 | D:4      | Found an ancient bone altar of Kikubaaqudgha.
  2946 | D:4      | Found a blossoming altar of Fedhas.
  2949 | D:4      | Noticed an ogre
  2955 | D:4      | Killed an ogre
  2956 | D:4      | Reached skill level 7 in Axes
  3022 | D:4      | Identified the +8 short sword "Olofas" {pain, rF++ rC-}
  3355 | D:4      | Found a glowing golden altar of the Shining One.
  3368 | D:4      | Reached XP level 6. HP: 51/51 MP: 5/5
  3511 | D:5      | Entered Level 5 of the Dungeon
  3517 | D:5      | Noticed an ice beast
  3528 | D:5      | Killed an ice beast
  3529 | D:5      | Reached skill level 8 in Axes
  3533 | D:5      | Slain by an ogre

Illustrated notes

Levels and vault maps discovered:
D:1:      ldierk_walled_garden_2, layout_basic, serial_shops, shop_statue,
          chequers_ecumenical_altar_island
D:2:      minmay_roachtagon, layout_basic, minmay_rat_gold_closets
D:3:      layout_basic, nicolae_gozag_cash_rules_everything_around_me,
          nicolae_qazlal_general_emergency, mainiacjoe_overflow_alcove_1,
          uniq_robin
D:4:      layout_gridville, grunt_temple_overflow_growth_and_decay,
          nicolae_tso_carved_into_rock, minmay_liquid_box
D:5:      layout_basic, marbit_many_paths, minmay_fractal_squares_diagonal_5

Skill      XL: |  1  2  3  4  5  6 |
---------------+-------------------+-----
Axes           | 3 4 5 6 7 8 |  8.4
Fighting       | |  3.6
Armour         | |  3.6
Shields        | |  3.6

Action                   |  1- 3 |  4- 6 || total
-------------------------+-------+-------++-------
Melee: War axe           |    77 |       ||    77
       Headbutt          |    12 |    11 ||    23
       Hand axe          |    16 |    68 ||    84
  Use: Scroll            |     1 |     4 ||     5
Armor: Scale mail        |    25 |       ||    25
       Chain mail        |    28 |    25 ||    53
Dodge: Dodged            |    35 |    19 ||    54
Block: Buckler           |    16 |    10 ||    26
